 Dungeon Crawl Stone Soup version 0.29.1-12-g30fa7ad0bf (webtiles) character file.

Game seed: 326573778289241589

2022316 FexLirch the Metallomancer (level 26, 173/173 HPs)
             Began as a Gargoyle Earth Elementalist on Dec 29, 2022.
             Was the Champion of Cheibriados.
             Escaped with the Orb
             ... and 3 runes on Dec 30, 2022!
             The game lasted 06:47:37 (46564 turns).

FexLirch the Metallomancer (GrEE)                  Turns: 46564, Time: 06:47:37

Health: 173/173    AC: 39    Str: 31    XL:     26   Next: 42%
Magic:  59/61      EV: 30    Int: 60    God:    Cheibriados [******]
Gold:   2945       SH: 12    Dex: 29    Spells: 2/57 levels left

rFire   + + .      SeeInvis .   K - +3 Elemental Staff {rElec rF++ rC++ AC+5}
rCold   + + .      Faith    .   V - +3 warlock's mirror {reflect}
rNeg    + + +      Spirit   .   U - +2 robe of the Black Moon {Harm Str-4 Int+10}
rPois   ∞          Reflect  +   Y - +2 hat {Will+}
rElec   +          Harm     +   c - +2 cloak {rCorr}
rCorr   +          Rampage  .   M - +0 pair of gloves of the Butcher {Dex+4}
Will    +++..                   d - +2 pair of boots "Buxe Pel" {Regen+ MP+9 Int+8}
Stlth   +.........              r - amulet "Xohenny" {RegenMP Contam rN++}
HPRegen 1.18/turn               F - ring of the Modern Geomancers {+Blink Will+ Str+6 Int+3}
MPRegen 0.77/turn               H - ring of magical power

@: flying, studying 4 skills, very slow
A: sickness immunity, AC +20, big wings, negative energy resistance 1,
electricity resistance, torment resistance 1, petrification resistance, talons
1, deformed body, dopey 1, shaggy fur 1, sturdy frame 1
0: Orb of Zot
}: 3/15 runes: serpentine, barnacled, slimy
a: Renounce Religion, Evoke Blink, Bend Time, Temporal Distortion, Slouch, Step
From Time


You escaped.
You worshipped Cheibriados.
Cheibriados was exalted by your worship.
You visited 11 branches of the dungeon, and saw 52 of its levels.
You visited 1 bazaar.
You also visited: Sewer and Ossuary.

You collected 7828 gold pieces.
You spent 4883 gold pieces at shops.

Inventory:

Hand Weapons
 h - the +7 morningstar "Jeemu" {freeze, rN+ Will+ Int+3}
   (You took it off a deep elf archer on level 1 of the Elven Halls)

   It freezes those it strikes, dealing additional cold damage.
   It can also slow down cold-blooded creatures.
   Int:       It affects your intelligence (+3).
   rN:        It protects you from negative energy.
   Will:      It increases your willpower.
 K - the +3 Elemental Staff (weapon) {rElec rF++ rC++ AC+5}
   (You found it on level 3 of the Elven Halls)

   If the wielder is skilled in Evocations, they can discharge powerful blasts
   of elemental energy when striking with it.
   It enhances your fire, ice, earth and air magic.
   AC:        It affects your AC (+5).
   rF:        It greatly protects you from fire.
   rC:        It greatly protects you from cold.
   rElec:     It insulates you from electricity.
 L - the +4 mace "Impslayer" {freeze, rC+}
   (You bought it in a shop in a bazaar)

   It freezes those it strikes, dealing additional cold damage.
   It can also slow down cold-blooded creatures.
   rC:        It protects you from cold.
 W - the +0 war axe of Recklessness {pain, rF+ Will+}
   (You found it on level 5 of the Lair of Beasts)

   In the hands of one skilled in necromantic magic, it inflicts extra damage on
   living creatures.
   rF:        It protects you from fire.
   Will:      It increases your willpower.
 X - the +7 war axe of Law {freeze, rC- Will++ Dex+4}
   (You took it off a deep elf annihilator on level 3 of the Elven Halls)

   It freezes those it strikes, dealing additional cold damage.
   It can also slow down cold-blooded creatures.
   Dex:       It affects your dexterity (+4).
   rC:        It makes you vulnerable to cold.
   Will:      It greatly increases your willpower.
Missiles
 q - 3 curare-tipped darts
Armour
 c - a +2 cloak of preservation (worn)
 d - the +2 pair of boots "Buxe Pel" (worn) {Regen+ MP+9 Int+8}
   (You found it on level 2 of the Depths)

   Int:       It affects your intelligence (+8).
   MP:        It affects your magic capacity (+9).
   Regen:     It increases your rate of health regeneration.
 M - the +0 pair of gloves of the Butcher (worn) {Dex+4}
   (You found it on level 4 of the Dungeon)

   Dex:       It affects your dexterity (+4).
 U - the +2 robe of the Black Moon (worn) {Harm Str-4 Int+10}
   (You bought it in a shop on level 2 of the Orcish Mines)

   Str:       It affects your strength (-4).
   Int:       It affects your intelligence (+10).
   Harm:      It increases damage dealt and taken.
 V - the +3 warlock's mirror (worn) {reflect}
   (You acquired it on level 1 of the Snake Pit)

   It can block and reflect piercing ranged attacks and magical attacks against
   the wielder's willpower.
 Y - a +2 hat of willpower (worn)
Jewellery
 r - the amulet "Xohenny" (around neck) {RegenMP Contam rN++}
   (You found it on level 5 of the Pits of Slime)

   [amulet of magic regeneration]

   It increases your rate of magic regeneration.
   rN:        It greatly protects you from negative energy.
   Contam:    It causes magical contamination when unequipped.
 B - a ring of willpower
 F - the ring of the Modern Geomancers (left hand) {+Blink Will+ Str+6 Int+3}
   (You bought it in a shop in a bazaar)

   [ring of strength]

   Str:       It affects your strength (+6).
   Int:       It affects your intelligence (+3).
   +Blink:    It lets you blink.
   Will:      It increases your willpower.
 H - a ring of magical power (right hand)
 N - a ring of protection from fire
 Q - a ring of positive energy
Wands
 x - a wand of paralysis (11)
 z - a wand of iceblast (28)
 I - a wand of mindburst (10)
 O - a wand of digging (9)
 R - a wand of quicksilver (11)
Scrolls
 a - 2 scrolls of summoning
 e - 20 scrolls of teleportation
 n - 6 scrolls of poison
 p - 8 scrolls of amnesia
 t - a scroll of magic mapping
 u - 9 scrolls of noise
 y - 6 scrolls of vulnerability
 A - 4 scrolls of blinking
 C - 4 scrolls of torment
 E - 7 scrolls of fear
 G - a scroll of immolation
 P - 8 scrolls of butterflies
 T - a scroll of silence
Potions
 b - 5 potions of magic
 f - 14 potions of mutation
 g - 9 potions of resistance
 i - 15 potions of heal wounds
 j - 4 potions of invisibility
 k - 6 potions of ambrosia
 m - 10 potions of might
 o - 5 potions of brilliance
 s - 20 potions of curing
 v - 9 potions of haste
 w - 4 potions of attraction
 D - a potion of cancellation
 S - 7 potions of berserk rage
 Z - 3 potions of lignification
Miscellaneous
 l - a phantom mirror
 J - a lightning rod (4/4)


   Skills:
 + Level 19.9 Fighting
 - Level 5.0 Armour
 + Level 16.3 Dodging
 - Level 2.1 Stealth
 - Level 12.3 Shields
 + Level 16.3 Spellcasting
 - Level 20.0 Conjurations
 + Level 10.3 Hexes
 + Level 9.3 Translocations
 - Level 7.0 Transmutations
 - Level 22.0 Earth Magic
 + Level 19.1 Invocations


You had 2 spell levels left.
You knew the following spells:

 Your Spells              Type           Power      Damage    Failure   Level
a - Lee's Rapid Deconstr  Erth           84%        3d38*     0%          5
b - Passwall              Tmut/Erth      100%       N/A       0%          2
c - Stone Arrow           Conj/Erth      100%       3d13      0%          3
d - Petrify               Tmut/Erth      100%       N/A       0%          4
e - Yara's Violent Unrav  Hex/Tmut       50%        3d19      1%          5
f - Fulminant Prism       Conj/Hex       62%        3d27      0%          4
g - Irradiate             Conj/Tmut      59%        3d31      1%          5
h - Lehudib's Crystal Sp  Conj/Erth      83%        10d18     1%          8
i - Blink                 Tloc           100%       N/A       0%          2
j - Iron Shot             Conj/Erth      83%        9d15      0%          6
k - Dispersal             Tloc           51%        N/A       1%          6
l - Apportation           Tloc           100%       N/A       0%          1
m - Iskenderun's Mystic   Conj/Tloc      100%       2d19      0%          4

Your spell library contained the following spells:

 Spells                   Type           Power      Damage    Failure   Level
 Foxfire                  Conj/Fire      100%       2x1d9     0%          1
 Magic Dart               Conj           100%       1d8       0%          1
 Sandblast                Erth           100%       2d20      0%          1
 Shock                    Conj/Air       100%       1d9       0%          1
 Searing Ray              Conj           100%       2d8       0%          2
 Static Discharge         Conj/Air       100%       3-16/arc  0%          2
 Freeze                   Ice            100%       1d11      1%          1
 Sting                    Tmut/Pois      100%       1d8       1%          1
 Call Imp                 Summ           48%        N/A       1%          2
 Ensorcelled Hibernation  Hex/Ice        100%       N/A       1%          2
 Poisonous Vapours        Pois/Air       100%       N/A       1%          2
 Scorch                   Fire           100%       2d10      1%          2
 Wereblood                Tmut           93%        N/A       1%          2
 Confusing Touch          Hex            100%       N/A       0%          3
 Conjure Flame            Conj/Fire      100%       6-21      0%          3
 Dazzling Flash           Conj/Hex       100%       N/A       0%          3
 Portal Projectile        Hex/Tloc       100%       N/A       0%          3
 Tukima's Dance           Hex            100%       N/A       0%          3
 Iskenderun's Battlesphe  Conj           100%       2d15      0%          5
 Frozen Ramparts          Ice            100%       1d16      1%          3
 Ignite Poison            Fire/Tmut/Pois 86%        N/A       1%          3
 Inner Flame              Hex/Fire       100%       N/A       1%          3
 Mephitic Cloud           Conj/Pois/Air  100%       N/A       1%          3
 Ozocubu's Armour         Ice            65%        N/A       1%          3
 Spider Form              Tmut/Pois      74%        N/A       1%          3
 Swiftness                Air            65%        N/A       1%          3
 Teleport Other           Tloc           100%       N/A       1%          3
 Vampiric Draining        Necr           48%        2d9       1%          3
 Anguish                  Hex/Necr       42%        N/A       1%          4
 Animate Armour           Summ/Erth      100%       N/A       1%          4
 Flame Wave               Conj/Fire      100%       2d21      1%          4
 Hailstorm                Conj/Ice       100%       3d20      1%          4
 Ice Form                 Ice/Tmut       94%        N/A       1%          4
 Passage of Golubria      Tloc           100%       N/A       1%          4
 Alistair's Intoxication  Tmut/Pois      49%        N/A       1%          5
 Blade Hands              Tmut           46%        N/A       1%          5
 Borgnjor's Vile Clutch   Necr/Erth      67%        N/A       1%          5
 Fireball                 Conj/Fire      65%        3d25      1%          5
 Freezing Cloud           Conj/Ice/Air   69%        6-21      1%          5
 Manifold Assault         Tloc           100%       N/A       1%          5
 Metabolic Englaciation   Hex/Ice        52%        N/A       1%          5
 Silence                  Hex/Air        52%        N/A       1%          5
 Summon Forest            Summ/Tloc      40%        N/A       1%          5
 Conjure Ball Lightning   Conj/Air       65%        3x3d23    1%          6
 Orb of Destruction       Conj           69%        9d16      1%          7
 Airstrike                Air            32%        2d(5-21)  2%          4
 Corpse Rot               Necr/Pois/Air  65%        N/A       2%          4
 Dispel Undead            Necr           48%        3d18      2%          4
 Olgreb's Toxic Radiance  Pois           48%        N/A       2%          4
 Enfeeble                 Hex            53%        N/A       3%          7
 Shatter                  Erth           84%        3d61*     3%          9
 Agony                    Necr           48%        N/A       8%          5
 Eringya's Noxious Bog    Tmut/Pois      37%        N/A       11%         6
 Dragon Form              Tmut           46%        N/A       14%         7
 Malign Gateway           Summ/Tloc      40%        N/A       34%         7
 Disjunction              Tloc           51%        N/A       36%         8
 Death Channel            Necr           24%        N/A       41%         6
 Simulacrum               Ice/Necr       32%        N/A       41%         6
 Summon Cactus Giant      Summ           24%        N/A       41%         6
 Storm Form               Tmut/Air       47%        N/A       50%         7
 Haunt                    Necr/Summ      24%        N/A       94%         7
 Ozocubu's Refrigeration  Ice            32%        4d14      94%         7
 Summon Hydra             Summ           24%        N/A       94%         7
 Necromutation            Tmut/Necr      37%        N/A       99%         8
 Chain Lightning          Conj/Air       65%        3d86      99%         9
 Fire Storm               Conj/Fire      65%        8d16      99%         9
 Ignition                 Fire           32%        3d10      100%        8
 Infestation              Necr           24%        N/A       100%        8
 Maxwell's Capacitive Co  Air            32%        ∞         100%        8
 Summon Horrible Things   Summ           24%        N/A       100%        8
 Death's Door             Necr           24%        N/A       100%        9
 Polar Vortex             Ice            32%        N/A       100%        9
 Sublimation of Blood     Necr           Unusable   N/A       N/A         2

Dungeon Overview and Level Annotations

Branches:
Dungeon (15/15)            Temple (1/1) D:5            Lair (5/5) D:11
 Shoals (4/4) Lair:2        Snake (4/4) Lair:2        Slime (5/5) Lair:4
    Orc (2/2) D:10            Elf (3/3) Orc:2        Vaults (4/5) D:13
  Crypt (0/3) Vaults:3     Depths (4/4) D:15            Zot (5/5) Depths:4
  Sewer (visited)         Ossuary (visited)

Altars:
Ashenzari
Cheibriados
Dithmenos
Elyvilon
Fedhas
Gozag
Hepliaklqana
Kikubaaqudgha
Makhleb
Qazlal
Ru
Sif Muna
Trog
Uskayaw
Vehumet
Wu Jian
Xom
Yredelemnul
Zin
The Shining One

Shops:
D:9 ?!   D:14 *   Orc:2 :*![=   Elf:2 (   Elf:3 (   Shoals:3 (   Depths:1 =
Depths:3 *

Portals:
Hell: Depths:1 Depths:3 Depths:4
Abyss: Depths:3 Depths:4
Pandemonium: Orc:2 Depths:4
Ziggurat: Depths:3

Annotations:
D:3 1 runed translucent door, Crazy Yiuf
D:15 3 runed translucent doors, Uwkoecio's ghost, journeyman HOFi
Shoals:1 exclusion: kraken
Elf:2 3 runed translucent doors
Zot:2 3 runed translucent doors, Uneer's ghost, legendary GnFE


Innate Abilities, Weirdness & Mutations

You are immune to sickness and miasma.
Your stone body is resilient. (AC +20)
You are immune to poison.
Your large and strong wings let you fly.
You resist negative energy. (rN+)
You are resistant to electric shocks. (rElec)
You are resistant to unholy torment.
You are immune to petrification.
You have sharp toenails.
Armour fits poorly on your strangely shaped body.
You are dopey. (Int -2)
You are covered in fur. (AC +1)
Your movements are slightly less encumbered by armour. (ER -2)


Message History

Confirm with . or Enter, or press ? or * to list all spells.
Aiming: Iron Shot (safe; 0% risk of failure)
Press: ? - help, Shift-Dir - straight line You feel a surge of power!
The iron shot hits the orange demon!!!
You kill the orange demon!
Cheibriados appreciates the change of pace.
Casting: Iron Shot (safe; 0% risk of failure)
Confirm with . or Enter, or press ? or * to list all spells.
Aiming: Iron Shot (safe; 0% risk of failure)
Press: ? - help, Shift-Dir - straight line, f - cacodemon
Aim: a cacodemon (almost dead, 84% to hit)
You feel a surge of power!
The iron shot hits the cacodemon!!!
You kill the cacodemon!
Cheibriados thoroughly appreciates the change of pace.
There is a stone staircase leading up here.
You fly upwards.
There is a stone staircase leading down here.
Unknown command.
An Orb Guardian comes into view.
A hell beast comes into view.
Casting: Iron Shot (safe; 0% risk of failure)
Confirm with . or Enter, or press ? or * to list all spells.
Aiming: Lehudib's Crystal Spear (mildly dangerous; 1% risk of failure)
Press: ? - help, Shift-Dir - straight line, f - Orb Guardian
Aim: an Orb Guardian (81% to hit)
You feel a surge of power!
The crystal spear hits the Orb Guardian!!!!
You kill the Orb Guardian!
Cheibriados thoroughly appreciates the change of pace.
Casting: Lehudib's Crystal Spear (mildly dangerous; 1% risk of failure)
Confirm with . or Enter, or press ? or * to list all spells.
Aiming: Lehudib's Crystal Spear (mildly dangerous; 1% risk of failure)
Press: ? - help, Shift-Dir - straight line, f - hell beast
Aim: a hell beast (79% to hit)
You feel a surge of power!
The crystal spear hits the hell beast!!!!
You kill the hell beast!
Cheibriados thoroughly appreciates the change of pace.
There is a staircase leading out of the dungeon here.
You have escaped!

..##.......#..........# #......#
..####...#...⌠.....>..# ##.####.#
...##..#.......♣♣♣....###..###..#
.#....##.##..♣♣♣♣♣♣♣..##..##....#
.##.###..##.♣♣♣∩∩∩♣♣♣...........#
....##...#...♣∩...∩♣♣...........#
#..........♣♣......♣♣♣..........#
..#........♣♣∩.♣.♣.∩♣♣.#........#
...........♣♣∩.♣@♣..............#
÷......[...♣♣∩.♣.♣.∩♣♣.#........#
.###.......♣♣♣.....♣♣♣..........#
)##...........∩...∩♣♣...........#
.#......(....♣♣∩∩∩♣♣♣....########
.............♣♣♣♣♣♣♣.#.÷..##
...#......###..♣♣♣.....#.(.#
#.##......###⌠.....>..##..÷#####
..#.....(.............##.......#


There were no monsters in sight!

Vanquished Creatures
  the Royal Jelly (Slime:5)
  2 dread liches (Zot:5)
  9 orbs of fire (Zot:5)
  Mennas (Vaults:2)
  Mara (Depths:3)
  A juggernaut (Depths:4)
  3 Killer Klowns (Zot:5)
  6 golden dragons
  The ghost of wormed the Imperceptible, a veteran SpHu of Okawaru (Depths:2)
  Nikola (Depths:2)
  2 curse toes
  A bone dragon (Depths:4)
  4 electric golems
  A Brimstone Fiend (Zot:3)
  21 tentacled monstrosities
  Rupert (Lair:4)
  27 Orb Guardians
  Jorgrun (Elf:2)
  3 deep elf blademasters (Elf:3)
  A lich (Depths:2)
  A titan (Depths:3)
  A walking frostbound tome (Zot:1)
  2 sphinxes
  10 quicksilver dragons
  An ancient champion (Depths:2)
  3 krakens
  13 acid blobs
  4 death cobs
  Frances (D:12)
  An eldritch tentacle (Depths:4)
  3 tengu reavers
  9 shadow dragons
  8 draconian monks
  3 nagarajas
  8 storm dragons
  4 fire giants
  10 frost giants
  7 draconian knights
  3 narguns (Zot:1)
  7 azure jellies
  6 rockslimes
  3 deep elf sorcerers (Elf:3)
  15 vault wardens
  2 iron dragons
  7 draconian scorchers
  4 draconian shifters
  3 deep elf elementalists (Elf:3)
  An angel (Zot:5)
  A ghost moth (Zot:1)
  Aizul (Snake:2)
  A cacodemon (D:2)
  2 draconian annihilators
  14 ironbound preservers
  12 quicksilver oozes
  2 spriggan defenders
  The ghost of JanusIIV the Impaler, a journeyman MiFi of Hepliaklqana (D:14)
  A juggernaut skeleton (Depths:4)
  4 draconian stormcallers
  28 very ugly things
  5 vampire knights
  5 ironbound thunderhulks
  12 green draconians
  16 stone giants
  7 black draconians
  2 war gargoyles (Vaults:2)
  13 white draconians
  Nessos (Lair:4)
  12 yellow draconians
  5 deep elf annihilators
  3 deep elf demonologists
  8 dire elephants (Vaults:1)
  2 crystal guardians
  An entropy weaver (Vaults:2)
  5 red draconians
  2 spark wasps
  2 fire dragons
  2 merfolk javelineers
  6 purple draconians
  A blizzard demon (Depths:1)
  8 ettins
  2 jiangshi (Depths:4)
  5 deep elf death magi (Elf:3)
  12 merfolk impalers
  5 deep elf high priests
  6 great orbs of eyes
  6 yaktaur captains
  A quicksilver dragon skeleton (Vaults:3)
  6 vault guards
  2 demonspawn (Orc:2)
  8 ice dragons
  6 hydras
  4 boulder beetles
  4 spriggan air magi
  3 ghost crabs (Depths:4)
  A juggernaut simulacrum (Depths:4)
  A rakshasa (Depths:2)
  A hell beast (D:1)
  4 salamander tyrants
  A catoblepas (Depths:4)
  16 naga warriors
  2 merfolk avatars
  4 ogre magi
  3 peacekeepers
  8 anacondas
  9 ironbound frosthearts
  5 merfolk aquamancers
  18 dancing weapons
  2 two-headed ogres (D:11)
  6 tengu warriors
  An alligator snapping turtle (Shoals:3)
  11 centaur warriors
  5 deep troll shamans
  3 satyrs
  7 spriggan berserkers
  7 deep troll earth magi
  A vampire mage (Depths:4)
  6 naga sharpshooters
  8 hell knights (Depths:4)
  10 shock serpents
  2 sun demons (Depths:4)
  5 orc high priests
  A spriggan (Depths:4)
  4 deep elf knights (Elf:1)
  A golden dragon zombie (Depths:3)
  Lodul (D:14)
  12 sea snakes
  A soul eater (Depths:4)
  4 salamander mystics
  3 sixfirhies
  68 deep trolls
  3 goliath frogs (Lair:3)
  3 flayed ghosts
  12 skeletal warriors
  4 glowing orange brains
  6 iron trolls
  A death drake (shapeshifter) (Depths:3)
  7 wizards
  2 swamp dragons (Lair:3)
  4 naga ritualists
  13 ironbound convokers
  A shadow demon (Depths:4)
  A golden dragon skeleton (Vaults:3)
  Pikel (D:5)
  An obsidian statue (D:14)
  6 lindwurms
  11 deep elf archers
  7 orc knights
  9 harpies
  A harpy (shapeshifter) (D:13)
  A shadow dragon zombie (Depths:3)
  2 tengu skeletons
  7 mana vipers
  24 deep elf pyromancers
  34 deep elf zephyrmancers
  3 necromancers
  2 phantasmal warriors (Depths:3)
  A shining eye (Slime:1)
  8 fauns
  15 salamanders
  2 wolf spiders (Lair:5)
  5 cyclopes
  24 moths of wrath
  44 ugly things
  7 orc sorcerers (Orc:2)
  A shadow dragon skeleton (Depths:4)
  17 elephants
  11 manticores
  A sphinx skeleton (Vaults:3)
  9 merfolk sirens
  A stone giant skeleton (Vaults:3)
  Maurice (D:9)
  41 black mambas
  10 guardian serpents
  A human skeleton (Vaults:3)
  An eye of devastation (Slime:1)
  4 orange demons
  A smoke demon (Depths:4)
  22 naga magi
  14 vault sentinels
  2 gargoyles
  11 cane toads
  33 yaktaurs
  An unseen horror (D:11)
  3 water nymphs
  2 rime drakes
  2 freezing wraiths
  A yaktaur zombie (Vaults:3)
  2 ice devils
  A tengu conjurer (Depths:3)
  A yaktaur skeleton (Vaults:3)
  10 komodo dragons
  7 trolls
  A meliai (D:13)
  A tengu simulacrum (Depths:4)
  Grinder (D:3)
  9 wind drakes
  A red devil (Depths:4)
  2 tyrant leeches (Lair:3)
  14 merfolk
  3 hornets
  A wind drake (shapeshifter) (D:13)
  Prince Ribbit (D:5)
  81 slime creatures
  A blink frog (shapeshifter) (D:14)
  12 dream sheep
  13 blink frogs
  3 raiju (Depths:4)
  3 jumping spiders (Depths:4)
  11 snapping turtles
  2 dream sheep (shapeshifter)
  A ynoxinul (Orc:2)
  2 deep troll skeletons (Vaults:3)
  36 water elementals
  Sigmund (D:3)
  4 air elementals
  16 wyverns
  16 yaks
  3 wraiths
  A vampire (D:10)
  2 steam dragons
  An ettin skeleton (Vaults:3)
  5 fire elementals
  5 basilisks
  A golden eye (shapeshifter) (Elf:1)
  A basilisk (shapeshifter) (D:15)
  A golden eye (Slime:5)
  An elf skeleton (Vaults:3)
  2 neqoxecs
  3 small abominations (Depths:4)
  A redback (Lair:5)
  6 vampire mosquitoes
  2 chaos spawn
  2 glowing shapeshifter zombies
  33 nagas
  A swamp worm (Lair:3)
  2 spatial vortices (Depths:4)
  A swamp worm (shapeshifter) (Vaults:1)
  27 water moccasins
  3 acid dragons
  2 ogre skeletons (Vaults:3)
  A floating eye (Depths:2)
  A glowing shapeshifter skeleton (Vaults:3)
  A swamp drake (Lair:3)
  22 orc warriors
  5 black bears
  2 sky beasts
  An ice beast (D:6)
  A wolf (shapeshifter) (Elf:1)
  12 ogres
  20 centaurs
  13 wolves
  A lemure (D:5)
  3 phantoms
  5 elf zombies (Ossuary)
  3 kobold brigands
  4 necrophages
  5 bullfrogs
  A scorpion (shapeshifter) (Elf:1)
  A glowing shapeshifter simulacrum (Depths:4)
  8 earth elementals
  3 scorpions
  6 wights
  19 killer bees
  A howler monkey (D:6)
  2 electric eels (D:9)
  3 centaur zombies (Ossuary)
  21 orc priests
  4 hounds
  4 human zombies (Ossuary)
  2 jellies
  A gnoll bouda (D:7)
  Terence (D:3)
  Jessica (D:2)
  5 iguanas
  A hell rat (Sewer)
  4 lightning spires (Depths:4)
  14 orc wizards
  3 mummies (Ossuary)
  7 adders
  4 river rats (Sewer)
  A shadow imp (D:7)
  2 white imps
  An ufetubus (D:5)
  3 worms
  6 dart slugs
  51 orcs
  A ball python (D:4)
  4 endoplasms
  2 giant cockroaches
  5 goblins
  5 hobgoblins
  9 jackals
  2 quokkas
  7 bats
  3 frilled lizards (D:1)
  18 kobolds
  18 rats
  2 ball lightnings (Depths:4)
  2 fulminant prisms
  6 tentacles (Shoals:4)
1914 creatures vanquished.

Vanquished Creatures (others)
  A deep elf death mage (Elf:3)
  A deep elf knight (Elf:1)
  A cane toad (Lair:5)
  A spriggan (shapeshifter) (D:15)
  A ball lightning (Depths:4)
  118 fulminant prisms
  38 fungi
  99 plants
  6 tentacles (Shoals:4)
266 creatures vanquished.

Grand Total: 2180 creatures vanquished

Notes
Turn   | Place    | Note
-------+----------+-------------------------------------------
     0 | D:1      | FexLirch the Gargoyle Earth Elementalist began the quest
                  | for the Orb.
     0 | D:1      | Reached XP level 1. HP: 10/10 MP: 3/3
    85 | D:1      | Reached skill level 4 in Earth Magic
    88 | D:1      | Reached XP level 2. HP: 5/15 MP: 0/5
    91 | D:1      | Learned a level 2 spell: Passwall
   472 | D:1      | Reached skill level 5 in Earth Magic
   472 | D:1      | Reached XP level 3. HP: 19/19 MP: 1/6
  1458 | D:2      | Found a faded altar of an unknown god.
  1521 | D:2      | Noticed Jessica
  1523 | D:2      | Killed Jessica
  1524 | D:2      | Reached skill level 6 in Earth Magic
  1524 | D:2      | Reached XP level 4. HP: 24/24 MP: 5/7
  1652 | D:2      | Learned a level 3 spell: Stone Arrow
  1707 | D:3      | Found a sacrificial altar of Ru.
  1710 | D:3      | Noticed Sigmund
  1712 | D:3      | Killed Sigmund
  1713 | D:3      | Reached skill level 7 in Earth Magic
  1713 | D:3      | Reached XP level 5. HP: 25/28 MP: 5/8
  1713 | D:3      | Reached XP level 6. HP: 28/32 MP: 5/9
  2048 | D:3      | Noticed Grinder
  2054 | D:3      | Killed Grinder
  2055 | D:3      | Reached XP level 7. HP: 36/36 MP: 3/10
  2134 | D:3      | Found a runed translucent door.
  2135 | D:3      | Noticed Crazy Yiuf
  2347 | D:3      | Noticed Terence
  2527 | D:4      | Reached skill level 8 in Earth Magic
  2634 | D:4      | Found a sand-covered staircase.
  2638 | Ossuary  | Entered an ossuary
  2671 | Ossuary  | Reached skill level 5 in Conjurations
  2707 | Ossuary  | Reached skill level 9 in Earth Magic
  2707 | Ossuary  | Reached XP level 8. HP: 33/41 MP: 6/11
  2950 | D:5      | Entered Level 5 of the Dungeon
  3071 | D:4      | Found a snail-covered altar of Cheibriados.
  3084 | D:4      | Became a worshipper of Cheibriados the Contemplative
  3123 | D:5      | Reached skill level 10 in Earth Magic
  3129 | D:5      | Learned a level 4 spell: Petrify
  3147 | D:5      | Reached skill level 1 in Transmutations
  3205 | D:5      | Found a staircase to the Ecumenical Temple.
  3264 | D:5      | Found a glowing drain.
  3276 | Sewer    | Entered a sewer
  3302 | Sewer    | Reached * piety under Cheibriados
  3338 | Sewer    | Reached skill level 1 in Fighting
  3386 | D:5      | Noticed Prince Ribbit
  3390 | D:5      | Killed Prince Ribbit
  3391 | D:5      | Reached XP level 9. HP: 37/48 MP: 10/13
  3577 | D:5      | Noticed Pikel
  3597 | D:5      | Killed Pikel
  3816 | Temple   | Entered the Ecumenical Temple
  4211 | D:4      | Identified the +0 pair of gloves of the Butcher {Dex+4}
  4397 | D:3      | Killed Terence
  4795 | D:7      | Reached ** piety under Cheibriados
  4798 | D:7      | Reached skill level 1 in Armour
  4880 | D:7      | Reached XP level 10. HP: 48/56 MP: 15/15
  4922 | D:8      | Reached skill level 11 in Earth Magic
  5316 | D:6      | Reached *** piety under Cheibriados
  5384 | D:7      | Noticed a green ugly thing
  5535 | D:7      | Killed a cyan ugly thing
  6026 | D:8      | Found an opulent altar of Gozag.
  6143 | D:8      | Found a white marble altar of Elyvilon.
  6174 | D:8      | Found a glowing silver altar of Zin.
  6341 | D:9      | Reached skill level 5 in Fighting
  6508 | D:10     | Entered Level 10 of the Dungeon
  6552 | D:9      | Reached **** piety under Cheibriados
  6648 | D:9      | Reached skill level 5 in Spellcasting
  6738 | D:9      | Noticed Maurice
  6750 | D:10     | Reached XP level 11. HP: 48/64 MP: 9/18
  6961 | D:10     | Reached skill level 1 in Hexes
  7122 | D:10     | Found a staircase to the Orcish Mines.
  7156 | D:9      | Found Zudug's Distillery.
  7157 | D:9      | Found Doll's Magic Scroll Shop.
  7200 | D:9      | Bought 2 scrolls of fear for 120 gold pieces
  7274 | D:9      | Killed Maurice
  7275 | D:9      | Reached skill level 5 in Armour
  7486 | D:10     | Reached skill level 1 in Invocations
  7489 | D:10     | Reached skill level 12 in Earth Magic
  7547 | D:10     | Reached ***** piety under Cheibriados
  7789 | D:11     | Reached skill level 5 in Transmutations
  7968 | D:11     | Noticed a brown ugly thing
  7978 | D:11     | Killed a brown ugly thing
  8049 | D:11     | Noticed a two-headed ogre
  8053 | D:11     | Killed a two-headed ogre
  8233 | D:11     | Noticed a two-headed ogre
  8248 | D:11     | Killed a two-headed ogre
  8315 | D:11     | Noticed a cyclops
  8318 | D:11     | Killed a cyclops
  8477 | D:11     | Found a staircase to the Lair.
  8512 | D:12     | Reached XP level 12. HP: 72/72 MP: 14/20
  8518 | D:12     | Learned a level 5 spell: Yara's Violent Unravelling
  8536 | D:12     | Learned a level 4 spell: Fulminant Prism
  8685 | D:12     | You fall into a shaft and drop 2 floors!
  8689 | D:15     | Entered Level 15 of the Dungeon
  8715 | D:13     | Noticed a tengu warrior
  8748 | D:14     | Found a runed translucent gate.
  8748 | D:14     | Found a runed translucent gate.
  8748 | D:14     | Found a runed translucent gate.
  8748 | D:14     | Found an opulent altar of Gozag.
  8748 | D:14     | Found Caent's Assorted Antiques.
  8748 | D:14     | Noticed an ettin
  8749 | D:14     | Noticed JanusIIV's ghost (journeyman MiFi)
  8749 | D:14     | Noticed a fire giant
  8749 | D:14     | Noticed a seven-headed hydra
  8749 | D:14     | Noticed a great orb of eyes
  8790 | D:14     | Noticed a tengu warrior
  8790 | D:14     | Noticed Lodul
  8796 | D:14     | Noticed a centaur warrior
  8940 | D:13     | Killed a tengu warrior
  9029 | D:13     | Noticed a centaur warrior
  9047 | D:13     | Killed a centaur warrior
  9135 | D:13     | Noticed a vault guard
  9135 | D:13     | Noticed a seven-headed hydra
  9139 | D:13     | Noticed a centaur warrior
  9262 | D:13     | Reached skill level 5 in Invocations
  9473 | D:13     | Reached skill level 5 in Dodging
  9491 | D:13     | Killed a centaur warrior
  9572 | Lair:1   | Entered Level 1 of the Lair of Beasts
  9802 | Lair:1   | Reached ****** piety under Cheibriados
  9807 | Lair:1   | Reached skill level 5 in Hexes
  9868 | Lair:1   | Reached skill level 10 in Conjurations
  9874 | Lair:1   | Reached XP level 13. HP: 41/79 MP: 2/21
 10215 | Lair:2   | You fall into a shaft and drop 1 floor!
 10593 | Lair:2   | Found a staircase to the Snake Pit.
 11404 | Lair:3   | Learned a level 5 spell: Irradiate
 11532 | Lair:4   | Noticed Nessos
 11697 | Lair:4   | Noticed Rupert
 11717 | Lair:5   | Entered Level 5 of the Lair of Beasts
 12002 | Lair:5   | Reached skill level 13 in Earth Magic
 12281 | Lair:5   | Gained mutation: Your large and strong wings let you fly.
                  | [Gargoyle growth]
 12281 | Lair:5   | Reached XP level 14. HP: 86/86 MP: 10/23
 12576 | Lair:5   | Reached skill level 10 in Fighting
 12622 | Lair:5   | Identified the +0 war axe of Recklessness {pain, rF+ Will+}
 12969 | Lair:5   | Identified the +1 ring mail of the Raven {rPois Str+8
                  | Dex-2}
 13148 | D:13     | Noticed Frances
 13163 | D:12     | Killed Frances
 13351 | D:13     | Found an ornate altar of the Wu Jian Council.
 13490 | D:13     | Reached skill level 14 in Earth Magic
 13522 | D:13     | Found a gate to the Vaults.
 14066 | D:14     | Killed Lodul
 15019 | D:15     | Reached XP level 15. HP: 69/93 MP: 15/25
 15131 | D:15     | Identified the +6 mace of Impeachment {pain, rPois rN+
                  | Stlth+}
 15862 | D:15     | Noticed a frost giant
 15869 | D:15     | Killed a frost giant
 15870 | D:15     | Reached skill level 15 in Earth Magic
 15949 | D:15     | Noticed Uwkoecio's ghost (journeyman HOFi)
 15953 | D:15     | Found a runed translucent gate.
 15953 | D:15     | Found a runed translucent gate.
 15955 | D:15     | Found a runed translucent gate.
 15956 | D:15     | Noticed a storm dragon
 15956 | D:15     | a satyr changed into a storm dragon
 15958 | D:15     | Noticed an emperor scorpion
 15958 | D:15     | a storm dragon changed into an emperor scorpion
 15961 | D:15     | Noticed a storm dragon
 15961 | D:15     | an emperor scorpion changed into a storm dragon
 15964 | D:15     | a storm dragon changed into something unseen
 15974 | D:15     | Found a shimmering altar of Xom.
 16251 | D:15     | Found a staircase to the Depths.
 16449 | Orc:1    | Entered Level 1 of the Orcish Mines
 16587 | Orc:2    | Entered Level 2 of the Orcish Mines
 16587 | Orc:2    | Found a staircase to the Elven Halls.
 16971 | Orc:2    | Found Rueph's Book Shop.
 17235 | Orc:2    | Bought an Inescapable Atlas for 442 gold pieces
 17449 | Orc:2    | Found Hirhedor's Distillery.
 17452 | Orc:2    | Found Jeur's General Store.
 17481 | Orc:2    | Bought a potion of brilliance for 56 gold pieces
 18027 | Orc:2    | Found Dits's Antique Armour Boutique.
 18027 | Orc:2    | Found a one-way gate leading to the halls of Pandemonium.
 18027 | Orc:2    | Found Dunim Domev's Jewellery Shop.
 18033 | Orc:2    | Bought a runed orb for 384 gold pieces
 18039 | Orc:2    | Bought a ring of magical power for 240 gold pieces
 18039 | Orc:2    | Bought a ring of willpower for 300 gold pieces
 18124 | Orc:2    | Bought the +2 robe of the Black Moon {Harm Str-4 Int+10}
                  | for 393 gold pieces
 18292 | Lair:2   | Found a staircase to the Shoals.
 18344 | Snake:1  | Entered Level 1 of the Snake Pit
 18682 | Snake:1  | Reached XP level 16. HP: 96/100 MP: 22/28
 18692 | Snake:2  | Reached skill level 16 in Earth Magic
 19418 | Snake:1  | Found a burning altar of Makhleb.
 19690 | Snake:1  | Reached skill level 10 in Invocations
 19748 | Snake:1  | Identified 2 scrolls of acquirement
 19749 | Snake:1  | Acquired the ring "Wooluyp" {Wiz rC+}
 19763 | Snake:1  | Learned a level 8 spell: Lehudib's Crystal Spear
 19764 | Snake:1  | Acquired the +3 warlock's mirror {reflect}
 19764 | Snake:1  | Found the +3 warlock's mirror {reflect}
 20121 | Snake:1  | Reached skill level 1 in Shields
 20337 | Snake:2  | Noticed Aizul
 20346 | Snake:2  | Killed Aizul
 20932 | Snake:3  | Reached skill level 15 in Conjurations
 21300 | Snake:3  | Reached skill level 17 in Earth Magic
 21372 | Snake:3  | Noticed a nagaraja
 21378 | Snake:3  | Killed a nagaraja
 21907 | Snake:3  | Noticed a nagaraja
 21910 | Snake:3  | Killed a nagaraja
 22091 | Snake:3  | Reached XP level 17. HP: 77/106 MP: 30/30
 22214 | Snake:4  | Entered Level 4 of the Snake Pit
 22330 | Snake:4  | Learned a level 2 spell: Blink
 22555 | Snake:4  | Reached skill level 5 in Shields
 22555 | Snake:4  | Reached skill level 1 in Translocations
 22837 | Snake:4  | Noticed a quicksilver dragon
 22840 | Snake:4  | Noticed a quicksilver dragon
 22844 | Snake:4  | Killed a quicksilver dragon
 23097 | Snake:4  | Got a serpentine rune of Zot
 23331 | Snake:4  | Killed a quicksilver dragon
 23540 | Shoals:1 | Entered Level 1 of the Shoals
 23681 | Shoals:1 | Noticed a kraken
 23707 | Shoals:1 | Noticed a kraken
 23876 | Shoals:1 | Killed a kraken
 24593 | Shoals:2 | Reached XP level 18. HP: 85/113 MP: 6/31
 24721 | Shoals:3 | Identified the +1 leather armour "Weranit" {rN+ Will- rCorr
                  | Dex+2}
 24750 | Shoals:2 | Identified the +9 falchion of Upsiteyg {vorpal, Will+ Str+4
                  | Int-2 Dex+4}
 25180 | Shoals:3 | Found Buhoch's Firing Range.
 25315 | Shoals:4 | Entered Level 4 of the Shoals
 25355 | Shoals:4 | Reached skill level 10 in Spellcasting
 25355 | Shoals:4 | Reached skill level 18 in Earth Magic
 25362 | Shoals:4 | Got a barnacled rune of Zot
 25865 | Shoals:4 | Got Ehohodoru's Incunable of Ignition
 26008 | Shoals:4 | Identified the amulet "Erel" {Harm Will+ Regen+ Int-2}
 26229 | Elf:1    | Entered Level 1 of the Elven Halls
 26357 | Elf:1    | Reached skill level 10 in Shields
 26795 | Elf:1    | Identified the +7 morningstar "Jeemu" {freeze, rN+ Will+
                  | Int+3}
 26886 | Elf:1    | Reached XP level 19. HP: 120/120 MP: 17/33
 27184 | Elf:2    | Found Laptiox's Antique Weapon Emporium.
 27188 | Elf:2    | Paralysed by an air elemental for 1 turns
 27271 | Elf:2    | Identified the +1 robe "Galo" {rN+}
 27279 | Elf:2    | Noticed Jorgrun
 27310 | Elf:2    | Killed Jorgrun
 27604 | Elf:3    | Entered Level 3 of the Elven Halls
 27747 | Elf:3    | Found a radiant altar of Vehumet.
 28038 | Elf:2    | Found a runed translucent gate.
 28038 | Elf:2    | Found a runed translucent gate.
 28038 | Elf:2    | Found a runed translucent gate.
 28362 | Elf:3    | Found Asuoschof's Antique Weapon Emporium.
 28629 | Elf:3    | Identified the +7 war axe of Law {freeze, rC- Will++ Dex+4}
 28629 | Elf:3    | Identified the +2 robe of Seism {Fly rElec Will+ Int+3}
 29183 | Elf:3    | Identified the ring "Qemmatui" {AC+4 Dex+7}
 29324 | Elf:3    | Found the +3 Elemental Staff {rElec rF++ rC++ AC+5}
 29328 | Elf:3    | Got Goull's Atlas of Venom and Vapour
 29341 | Elf:3    | Identified the amulet "Baitarph" {-Cast rF+ Regen+ rCorr}
 29614 | D:14     | Reached skill level 19 in Earth Magic
 29615 | D:14     | Killed JanusIIV's ghost
 29737 | D:14     | Bought a pair of embroidered boots for 277 gold pieces
 29794 | Vaults:1 | Entered Level 1 of the Vaults
 30137 | Vaults:1 | Learned a level 6 spell: Iron Shot
 30847 | Vaults:1 | Reached XP level 20. HP: 118/128 MP: 2/35
 32133 | Vaults:2 | Found a flickering gateway to a bazaar.
 32153 | Bazaar   | Entered a bazaar
 32378 | Bazaar   | Found Nirul's Book Boutique.
 32382 | Bazaar   | Found Pawosoh's Antique Weapon Boutique.
 32382 | Bazaar   | Found Cupnae's General Store.
 32382 | Bazaar   | Found Jaosoiri's Assorted Antiques.
 32387 | Bazaar   | Bought a shimmering bone ring for 100 gold pieces
 32387 | Bazaar   | Identified the ring of the Modern Geomancers {+Blink Will+
                  | Str+6 Int+3} (You bought it in a shop in a bazaar)
 32407 | Bazaar   | Bought a jewelled mace for 168 gold pieces
 32407 | Bazaar   | Identified the +4 mace "Impslayer" {freeze, rC+} (You
                  | bought it in a shop in a bazaar)
 32415 | Bazaar   | Bought a book of the Warp for 448 gold pieces
 32596 | Vaults:2 | Reached skill level 15 in Fighting
 32731 | Vaults:2 | Identified the +11 dire flail "Mooni" {speed, *Rage rN++
                  | Int+5}
 32790 | Vaults:2 | Noticed Mennas
 32799 | Vaults:2 | Killed Mennas
 33919 | Vaults:2 | Reached XP level 21. HP: 101/135 MP: 37/37
 34318 | Vaults:3 | Reached skill level 20 in Earth Magic
 34584 | Vaults:3 | Found a staircase to the Crypt.
 35245 | Vaults:4 | Reached skill level 10 in Dodging
 35910 | Vaults:4 | Reached skill level 15 in Invocations
 36773 | Depths:1 | Entered Level 1 of the Depths
 36867 | Depths:1 | Found a gateway to Hell.
 36900 | Depths:1 | Found a white marble altar of Elyvilon.
 36949 | Depths:1 | Identified the +5 mace of Noxzaum {freeze, rC+ Dex+4
                  | Stlth+}
 36990 | Depths:1 | Reached XP level 22. HP: 131/142 MP: 25/38
 37027 | Depths:1 | Found Resed's Jewellery Shoppe.
 37449 | Depths:2 | Noticed wormed's ghost (veteran SpHu)
 37658 | Depths:2 | Identified the +1 pair of gloves of Duck's Teeth {Rampage
                  | rPois Int+3}
 37658 | Depths:2 | Noticed Nikola
 37664 | Depths:2 | Killed Nikola
 37822 | Depths:3 | Found a one-way gate to the infinite horrors of the Abyss.
 37822 | Depths:3 | Found a one-way gateway to a ziggurat.
 37825 | Depths:3 | Found Emolli's General Store.
 37966 | Depths:2 | Found a runed translucent door.
 37983 | Depths:2 | Killed wormed's ghost
 38021 | Depths:2 | Identified the +2 pair of boots "Buxe Pel" {Regen+ MP+9
                  | Int+8}
 38112 | Depths:2 | Reached skill level 21 in Earth Magic
 38286 | Depths:3 | Bought a manual of Dodging for 1840 gold pieces
 38286 | Depths:3 | Bought a potion of heal wounds for 115 gold pieces
 38290 | Depths:3 | Identified the +7 flail "Bixoydul" {vorpal, Stlth+}
 38445 | Depths:4 | Entered Level 4 of the Depths
 38688 | Depths:3 | Noticed Mara
 38690 | Depths:3 | Killed Mara
 38841 | Depths:3 | Identified the +8 great sword of a sewer {speed, +Blink rC+
                  | Will+ Dex-2}
 39052 | Depths:4 | Reached XP level 23. HP: 149/149 MP: 40/40
 39175 | Depths:4 | Got the Reference Book on Clay
 39184 | Depths:4 | Noticed a juggernaut
 39186 | Depths:4 | Killed a juggernaut
 39722 | Depths:4 | Noticed a golden dragon
 39727 | Depths:4 | Killed a golden dragon
 39895 | Depths:4 | Got the Lectures on Lightning
 39986 | Depths:4 | Learned a level 6 spell: Dispersal
 39999 | Depths:4 | Got the Monograph on Elsewhere
 40078 | Depths:4 | Got Kikubaaqudgha's Spellbook of Iniquitous Mysteries
 40172 | Depths:4 | Noticed a golden dragon
 40182 | Depths:4 | Killed a golden dragon
 40241 | Depths:4 | Found a gate to the Realm of Zot.
 40261 | Depths:4 | Learned a level 5 spell: Lee's Rapid Deconstruction
 40831 | Lair:4   | Killed Nessos
 40936 | Lair:4   | Killed Rupert
 41090 | Lair:4   | Found a staircase to the Slime Pits.
 41096 | Slime:1  | Entered Level 1 of the Pits of Slime
 41098 | Slime:1  | Gained mutation: Your body sometimes deteriorates upon
                  | taking damage. [a shining eye]
 41259 | Slime:5  | Entered Level 5 of the Pits of Slime
 41308 | Slime:5  | Noticed the Royal Jelly
 41416 | Slime:5  | Killed the Royal Jelly
 41417 | Slime:5  | Reached skill level 22 in Earth Magic
 41417 | Slime:5  | Reached XP level 24. HP: 154/157 MP: 41/41
 41559 | Slime:5  | Learned a level 1 spell: Apportation
 41579 | Slime:5  | Reached skill level 5 in Translocations
 41615 | Slime:5  | Identified the amulet "Qodov" {RegenMP rElec rC- rN+ Int+7}
 41625 | Slime:5  | Identified the amulet "Xohenny" {RegenMP Contam rN++}
 41640 | Slime:5  | Got a slimy rune of Zot
 41666 | Slime:5  | Acquired 1284 gold pieces
 41985 | Zot:1    | Entered Level 1 of the Realm of Zot
 42658 | Zot:1    | Identified the +7 double sword "Embalmer" {vorpal, rF+
                  | Str+2}
 43028 | Zot:2    | Reached skill level 15 in Spellcasting
 43336 | Zot:2    | Found a runed translucent gate.
 43336 | Zot:2    | Found a runed translucent gate.
 43337 | Zot:2    | Found a runed translucent gate.
 43337 | Zot:2    | Noticed a curse toe
 43337 | Zot:2    | Noticed Uneer's ghost (legendary GnFE)
 43339 | Zot:2    | Noticed a dread lich
 43495 | Zot:3    | Reached XP level 25. HP: 113/164 MP: 36/42
 43515 | Zot:3    | Gained mutation: You occasionally lose the ability to read
                  | scrolls when taking damage. [mutagenic glow]
 43800 | Zot:3    | Identified the +1 scale mail of Disappointment {*Corrode
                  | rElec Regen+ Dex+5}
 44365 | Zot:4    | Found an ancient bone altar of Kikubaaqudgha.
 44829 | Zot:4    | Reached skill level 15 in Dodging
 44851 | Zot:4    | Identified the +6 chain mail of the Weaver {Harm Drain
                  | rPois rC+}
 44932 | Zot:5    | Entered Level 5 of the Realm of Zot
 45035 | Zot:5    | Learned a level 4 spell: Iskenderun's Mystic Blast
 45292 | Zot:5    | Noticed a dread lich
 45302 | Zot:5    | Killed a dread lich
 45374 | Zot:5    | Noticed a dread lich
 45380 | Zot:5    | Killed a dread lich
 45380 | Zot:5    | Noticed a Killer Klown
 45384 | Zot:5    | Killed a Killer Klown
 45447 | Zot:5    | Noticed an orb of fire
 45451 | Zot:5    | Killed an orb of fire
 45463 | Zot:5    | Lost mutation: Your body sometimes deteriorates upon taking
                  | damage. [potion of mutation]
 45463 | Zot:5    | Lost mutation: You occasionally lose the ability to read
                  | scrolls when taking damage. [potion of mutation]
 45463 | Zot:5    | Gained mutation: You have sharp toenails. [potion of
                  | mutation]
 45463 | Zot:5    | Gained mutation: Armour fits poorly on your strangely
                  | shaped body. [potion of mutation]
 45463 | Zot:5    | Gained mutation: You are dopey. (Int -2) [potion of
                  | mutation]
 45463 | Zot:5    | Gained mutation: You are covered in fur. (AC +1) [potion of
                  | mutation]
 45476 | Zot:5    | Noticed an orb of fire
 45479 | Zot:5    | Killed an orb of fire
 45479 | Zot:5    | Noticed an orb of fire
 45480 | Zot:5    | Noticed an orb of fire
 45482 | Zot:5    | Noticed an orb of fire
 45489 | Zot:5    | Killed an orb of fire
 45492 | Zot:5    | Killed an orb of fire
 45493 | Zot:5    | Noticed a Killer Klown
 45495 | Zot:5    | Gained mutation: Your movements are slightly less
                  | encumbered by armour. (ER -2) [an orb of fire]
 45501 | Zot:5    | Noticed an orb of fire
 45549 | Zot:5    | Killed an orb of fire
 45627 | Zot:5    | Killed a Killer Klown
 45645 | Zot:5    | Reached XP level 26. HP: 172/172 MP: 42/42
 45664 | Zot:5    | Noticed a Killer Klown
 45668 | Zot:5    | Noticed an orb of fire
 45670 | Zot:5    | Killed a Killer Klown
 45674 | Zot:5    | Killed an orb of fire
 45864 | Zot:5    | Reached skill level 10 in Hexes
 45894 | Zot:5    | Noticed an orb of fire
 45899 | Zot:5    | Killed an orb of fire
 45917 | Zot:5    | Noticed an orb of fire
 45921 | Zot:5    | Killed an orb of fire
 45969 | Zot:5    | Killed an orb of fire
 46022 | Zot:5    | Got the Orb of Zot
 46070 | Zot:4    | Noticed Sogex the pandemonium lord
 46564 | D:$      | Escaped with the Orb!

Illustrated notes

Levels and vault maps discovered:
D:1:      heliophobic_arrival_henge, layout_rooms, minmay_statues_item,
          minmay_tromino_v4_c
D:2:      layout_basic, chequers_ecumenical_altar_island, uniq_jessica
D:3:      layout_basic, mainiacjoe_overflow_catwalk,
          nicolae_concentric_dashed_squares_wild, uniq_terence, uniq_grinder,
          uniq_natasha, uniq_sigmund, uniq_crazy_yiuf_cottage
D:4:      layout_basic, mainiacjoe_overflow_24_doors, nicolae_ossuary_entry_plus
D:5:      layout_gridville, minmay_temple_entry_stoned_glass,
          portal_sewer_entry_b, minmay_misc_feat_x, uniq_pikel,
          uniq_prince_ribbit1
D:6:      layout_loops_ring, kb_rosetta
D:7:      layout_gridville, corner_web_ring, serial_bayou_pond_b
D:8:      layout_cave_pools, kennysheep_mini_moat, mainiacjoe_overflow_two_lobes
D:9:      layout_loops_cross, nicolae_wooded_promenade, uniq_maurice
D:10:     layout_loops_corners, orc_0_dummy, minivault_4,
          minmay_fractal_squares_5
D:11:     layout_loops_corners, minmay_lair_entry_grove
D:12:     layout_rooms
D:13:     layout_cave_pools, david_vaults_5, gauntlet_entry_generic,
          columned_hall_lemuel, nicolae_wu_jian_glorious_leap, uniq_frances
D:14:     layout_basic, nicolae_sextant, ebering_ghost_gozag,
          portal_ice_cave_entry_pillars_four, kennysheep_just_a_vault,
          uniq_lodul
D:15:     grunt_enter_depths_snipers, layout_loops_cross, serial_rivers,
          chequers_serial_rivers_micro_b, chequers_serial_rivers_room_a,
          chequers_serial_rivers_micro_b, chequers_serial_rivers_marsh,
          chequers_serial_rivers_micro_b, gammafunk_ghost_split, hex_medium,
          xom_confusion_cloud
Temple:   sentei_temple_godly_chess
Lair:1:   layout_cellular_growth
Lair:2:   layout_long_grid, minmay_shoals_entry_lonely_mermaid,
          guppyfry_snake_entry_garden, st_stairs_10
Lair:3:   onia_ninara_swampy_vault, layout_concentric_octagons, st_stairs_10,
          serial_bayou_shore_b, infiniplex_staircase_pool_2
Lair:4:   layout_regular_city, dpeg_slime_entry_enclosed, uniq_rupert,
          uniq_nessos
Lair:5:   hangedman_lair_tendril_chambers, layout_cave_pods, minmay_hedge_maze,
          st_stairs_4
Shoals:1: layout_shoals, nicolae_shoals_kraken_intersection
Shoals:2: layout_shoals
Shoals:3: layout_shoals, nicolae_shop_firing_range
Shoals:4: shoals_end_grunt_ice, layout_shoals
Snake:1:  layout_grid_maze, basic_altar, nicolae_snake_omega
Snake:2:  layout_onion_interference, nicolae_snake_coiling_death, uniq_aizul
Snake:3:  layout_onion, grunt_megastairs_5
Snake:4:  hellmonk_snake_rune_quicksilver_temple, layout_cave_town,
          serial_bayou_shore_b
Slime:1:  layout_caves
Slime:2:  layout_caves, cheibrodos_slime_lost_civilization_7
Slime:3:  layout_caves, uniq_dissolution
Slime:4:  layout_caves, nicolae_slime_phagocytosis
Slime:5
Orc:1:    layout_caves
Orc:2:    pf_orc_diabolical, layout_caves, serial_shops,
          nicolae_shop_hallway_stairs, basic_altar
Elf:1:    elf_arrival_002, layout_rooms, evilmike_minifort, corexii_checkpoint_b
Elf:2:    nicolae_elf_blades_crystal_corner, layout_geoelf_octagon,
          serial_shops, nicolae_diamond_shop, uniq_jorgrun
Elf:3:    minmay_elf_hall_statues, layout_gridlike, serial_shops,
          nicolae_shop_waterfront, basic_altar, wad_floor_pattern_untrapped,
          guppyfry_library_mini
Vaults:1: nicolae_vaults_hallways_thing, dpeg_vaults_waves, v_misc_17,
          nicolae_vaults_little_ls, v_rooms_4, ontoclasm_vaults_fault,
          v_misc_28, nicolae_vaults_rhombus_7, nicolae_vaults_circle_grid_b,
          nicolae_vaults_little_squares_3, v_misc_30, ontoclasm_vaults_hangar,
          nicolae_vaults_border_crossing, vaults_mumra_hex,
          layout_vaults_omnicross
Vaults:2: v_misc_25, nicolae_vaults_halls_meeting, nicolae_vaults_shelves_hall,
          v_alt_pattern_6, vaults_room_pool, nicolae_vaults_network_periphery,
          dpeg_vaults_monster_box, ontoclasm_vaults_eye, layout_vaults_omnigrid,
          serial_shops, freezing_bzr, uniq_mennas
Vaults:3: vaults_room_octagon, v_misc_29, nicolae_vaults_rhombus_6,
          ontoclasm_vaults_decontamination, minmay_crypt_entry_skeletal_spiral,
          ontoclasm_vaults_twist, vaults_room_hangedman_quadrants,
          nicolae_vaults_theta, vaults_room_fours, ontoclasm_vaults_ring_large,
          v_alt_pattern_5, vaults_room_grid, serial_ice_g, layout_vaults_omnibox
Vaults:4: hangedman_vaults_slither, vaults_standard_mumra_x, v_misc_4,
          nicolae_vaults_what_the_h, v_misc_28, v_rooms_1,
          ontoclasm_vaults_hangar, layout_vaults_big_room
Depths:1: layout_cave_pools, serial_shops, shop, glass_columns_b,
          hangedman_coc_ice_floe, nicolae_elyvilon_temple_path,
          kennysheep_random_hallway
Depths:2: minmay_octagon_keep, layout_small_grid, rand_demon_pan_entry_9,
          serial_bayou_shore_a, hellmonk_ghost_big_iron,
          pf_hell_entry_tar_spiral, minmay_staircase_bubble, uniq_grunn,
          uniq_asterion, uniq_nikola
Depths:3: minmay_fractal_lines_corner, layout_cave_shapes, enter_ziggurat_e,
          hell_entry, serial_shops, shop, abyss_entry, lightli_fourway_metalbox,
          infiniplex_staircase_zigzag_2, grunt_megastairs_1, uniq_mara
Depths:4: grunt_zot_entry_alcove, layout_cave_shapes, grunt_pan_entry_zigzag,
          hell_entry, serial_hangedman_research, hangedman_research_thanatology,
          hangedman_research_electronics, hangedman_research_quantum,
          hangedman_research_geology, nicolae_figureground_sparkle,
          abyss_entry_glasseish, serial_bayou_crossing
Zot:1:    layout_onion_interference, hangedman_zot_wheel_spokes,
          nicolae_rock_paper_scissors
Zot:2:    layout_twisted_circle, gammafunk_ghost_necromancy, st_stairs_4
Zot:3:    layout_onion_interference
Zot:4:    layout_gridlike, basic_altar, st_small_dragon_hoard_1,
          skrybe_zot_glass_3
Zot:5:    layout_basic

Skill      XL: |  1  2  3  4  5  6  7  8  9 10 11 12 13 14 15 16 17 18 19 20 21 22 23 24 25 26 |
---------------+-------------------------------------------------------------------------------+-----
Earth Magic    | 4 5 6 7 9 10 11 12 13 14 15 17 18 19 20 21 22 | 22.0
Conjurations   | 2 4 5 7 8 9 10 11 12 14 15 16 17 18 19 20 | 20.0
Transmutations | 1 3 4 5 6 7 |  7.0
Fighting       | 1 3 5 7 8 9 10 11 12 13 14 15 16 17 18 19 | 19.9
Dodging        | 2 3 4 5 6 7 8 9 10 11 13 14 15 16 | 16.3
Spellcasting   | 3 5 6 7 8 9 10 11 12 13 14 15 16 | 16.3
Armour         | 2 4 5 |  5.0
Hexes          | 3 5 6 8 9 10 | 10.3
Invocations    | 4 6 7 8 9 10 11 12 13 14 15 16 17 18 19 | 19.1
Shields        | 4 7 10 12 | 12.3
Translocations | 3 4 6 8 9 |  9.3
Stealth        | |  2.1

Action                   |  1- 3 |  4- 6 |  7- 9 | 10-12 | 13-15 | 16-18 | 19-21 | 22-24 | 25-27 || total
-------------------------+-------+-------+-------+-------+-------+-------+-------+-------+-------++-------
Melee: Unarmed           |     2 |       |       |       |       |       |       |       |       ||     2
       Punch             |     1 |       |       |       |     3 |       |       |       |       ||     4
       Dagger            |     2 |     5 |     3 |       |       |       |       |       |       ||    10
       Whip              |       |       |     5 |    24 |       |       |       |       |       ||    29
       Flail             |       |       |       |    16 |    34 |       |       |       |       ||    50
       War axe           |       |       |       |       |   225 |   109 |    22 |       |       ||   356
       Falchion          |       |       |       |       |       |    42 |       |       |       ||    42
       Staff             |       |       |       |       |       |       |   113 |    44 |    25 ||   182
Throw: Dart              |       |       |       |     4 |     2 |       |     2 |       |       ||     8
 Cast: Sandblast         |    49 |     7 |   174 |   188 |    87 |     7 |     3 |     2 |       ||   517
       Stone Arrow       |       |     1 |    10 |   150 |   301 |   168 |    84 |    23 |       ||   737
       Passwall          |       |       |     9 |    17 |    12 |    13 |     5 |    23 |     9 ||    88
       Petrify           |       |       |       |    32 |    23 |    18 |    12 |    13 |     1 ||    99
       Fulminant Prism   |       |       |       |     9 |    29 |    29 |    25 |    14 |    14 ||   120
       Yara's Violent Un |       |       |       |     1 |    13 |    33 |    28 |    11 |     2 ||    88
       Irradiate         |       |       |       |       |    77 |    48 |    38 |    33 |     6 ||   202
       Lehudib's Crystal |       |       |       |       |       |   149 |   126 |   149 |    77 ||   501
       Blink             |       |       |       |       |       |     3 |    12 |    31 |     8 ||    54
       Iron Shot         |       |       |       |       |       |       |   175 |   231 |    78 ||   484
       Lee's Rapid Decon |       |       |       |       |       |       |       |    41 |    24 ||    65
       Apportation       |       |       |       |       |       |       |       |    33 |    16 ||    49
Invok: Slouch            |       |       |       |     1 |     4 |     6 |     2 |     7 |     2 ||    22
       Temporal Distorti |       |       |       |       |       |       |       |     2 |       ||     2
Evoke: Wand              |       |       |       |       |       |     4 |     1 |       |     1 ||     6
  Use: Scroll            |       |       |    11 |    15 |     9 |    10 |     2 |     5 |     6 ||    58
       Potion            |       |       |       |       |     2 |       |     1 |     2 |     8 ||    13
 Stab: Petrified         |       |       |       |     5 |     2 |       |     1 |       |       ||     8
       Sleeping          |       |       |       |     1 |       |       |       |       |       ||     1
Armor: Robe              |     3 |     1 |    70 |       |       |   128 |   144 |   101 |    39 ||   486
       Scale mail        |       |       |    10 |   227 |   486 |    43 |       |       |       ||   766
Dodge: Dodged            |     6 |     2 |    73 |   253 |   739 |   393 |   245 |   202 |   108 ||  2021
Block: Buckler           |       |       |       |       |       |   240 |   257 |   153 |    63 ||   713
       Reflection        |       |       |       |       |       |    53 |    63 |    31 |    21 ||   168
